 Dungeon Crawl Stone Soup version 0.25-a0-424-g80bd347ae0 (webtiles) character file.

Game seed: 3483267151035933381, levelgen mode: deterministic

175 Lugonue the Gusty (level 5, -3/28 HPs)
             Began as a Tengu Air Elementalist on Jan 23, 2020.
             Slain by an ogre
             ... wielding a +0 giant club
              (29 damage)
             ... on level 3 of the Dungeon.
             The game lasted 00:07:18 (2255 turns).

Lugonue the Gusty (Tengu Air Elementalist)          Turns: 2255, Time: 00:07:18

Health: -3/28      AC:  5    Str: 10    XL:     5   Next: 55%
Magic:  2/10       EV: 13    Int: 15    God:
Gold:   101        SH:  0    Dex: 14    Spells: 5/10 levels left

rFire    . . .     SeeInvis .   l - +0 dagger
rCold    . . .     Gourm    .   (no shield)
rNeg     . . .     Faith    .   a - +0 robe
rPois    .         Spirit   .   (helmet restricted)
rElec    .         Reflect  .   (no cloak)
rCorr    .         Harm     .   n - +2 pair of gloves
MR       .....                  (boots unavailable)
Stlth    ++........             (no amulet)
HPRegen  0.09/turn              (no ring)
MPRegen  0.12/turn              (no ring)

@: very slightly contaminated
A: beak, talons 3, able to fly
a: Fly


You were on level 3 of the Dungeon.
You were not hungry.

You visited 1 branch of the dungeon, and saw 3 of its levels.

You collected 101 gold pieces.

Inventory:

Hand Weapons
 l - a +0 dagger (weapon)
Armour
 a - a +0 robe (worn)
 j - a +0 shield
 n - a +2 pair of gloves (worn)
Wands
 m - a wand of flame (12)
Scrolls
 b - a scroll of immolation
 d - 4 scrolls of remove curse
 p - a scroll of magic mapping
Potions
 e - a potion of agility
 f - a potion of mutation {unknown}
 g - a potion of lignification {unknown}
 h - a potion of heal wounds {unknown}
 i - 2 potions of flight {unknown}
 k - a potion of invisibility {unknown}
 o - a potion of might {unknown}
Comestibles
 c - 5 rations


   Skills:
 + Level 0.3 Fighting
 + Level 2.7 Dodging
 + Level 2.5 Stealth
 + Level 1.0 Unarmed Combat
 + Level 3.0 Spellcasting
 + Level 3.3 Conjurations
 + Level 5.5 Air Magic


You had 5 spell levels left.
You knew the following spells:

 Your Spells              Type           Power        Failure   Level  Hunger
a - Shock                 Conj/Air       ###.         3%          1    #......
b - Airstrike             Air            ###.......   21%         4    #####..

Your spell library contained the following spells:

 Spells                   Type           Power        Failure   Level  Hunger
 Swiftness                Chrm/Air       ##......     10%         2    ##.....
 Static Discharge         Conj/Air       ###.....     10%         3    ###....
 Lightning Bolt           Conj/Air       ###.......   67%         5    ######.


Dungeon Overview and Level Annotations

Branches:
Dungeon (3/15)

Altars:


Innate Abilities, Weirdness & Mutations

You have a beak for a mouth.
You have claws for feet.
You can fly continuously.


Message History

Aiming: Throw Flame
Press: ? - help, Shift-Dir - straight line, f/p - ogre
Aim: an ogre, wielding a +0 giant club (moderately wounded)
The puff of flame misses the ogre.
Evoke which item? (* to show all) (? for menu, Esc to quit)
Aiming: Throw Flame
Press: ? - help, Shift-Dir - straight line, f/p - ogre
Aim: an ogre, wielding a +0 giant club (moderately wounded)
The puff of flame hits the ogre.
The ogre is moderately wounded.
The ogre closely misses you.
Evoke which item? (* to show all) (? for menu, Esc to quit)
Aiming: Throw Flame
Press: ? - help, Shift-Dir - straight line, f/p - ogre
Aim: an ogre, wielding a +0 giant club (moderately wounded)
The puff of flame hits the ogre!
The ogre is severely wounded.
The ogre hits you with a +0 giant club!!
Ouch! That really hurt!
You die...

##########
######........#
#....#.######.#
#.........(.#.#
#######....#.##.....#
#.......####.##.....##
#.##########.##.....##
#.#.O@.....#.##.....#.
#.#.###.......+.......
#.#. #..#.####......#
#.#. #..#.#####.#..''
#.#. #..#.....รท.....#
#.#. #..#######..#...
#<#. #........#..#.#.
###. ##>.............
#.......#..#.##


You could see an ogre.

Vanquished Creatures
  Natasha (thrice) (D:2)
  5 adders
  A worm (D:2)
  2 dart slugs (D:2)
  3 leopard geckos
  2 giant cockroaches
  6 goblins
  5 hobgoblins
  4 kobolds
  A quokka (D:2)
  2 ball pythons (D:2)
  10 bats
  2 frilled lizards
  3 rats
49 creatures vanquished.

Notes
Turn   | Place    | Note
-------+----------+-------------------------------------------
     0 | D:1      | Lugonue the Tengu Air Elementalist began the quest for the
                  | Orb.
     0 | D:1      | Reached XP level 1. HP: 10/10 MP: 4/4
   607 | D:1      | Reached XP level 2. HP: 15/15 MP: 0/6
  1111 | D:2      | Reached XP level 3. HP: 13/19 MP: 0/7
  1365 | D:2      | Noticed Natasha
  1374 | D:2      | Killed Natasha
  1374 | D:2      | Reached XP level 4. HP: 16/24 MP: 4/8
  1433 | D:2      | Reached skill level 5 in Air Magic
  1597 | D:2      | Noticed Natasha
  1625 | D:2      | Killed Natasha
  1682 | D:2      | Noticed Natasha
  1689 | D:2      | Killed Natasha
  1689 | D:2      | Gained mutation: You can fly continuously. [Tengu growth]
  1689 | D:2      | Reached XP level 5. HP: 21/28 MP: 5/10
  1750 | D:2      | Learned a level 4 spell: Airstrike
  1992 | D:3      | Reached skill level 1 in Unarmed Combat
  2169 | D:3      | Noticed an ogre
  2255 | D:3      | Slain by an ogre

Levels and vault maps discovered:
D:1:      dpeg_arrival_fog, layout_basic
D:2:      layout_basic, uniq_natasha
D:3:      layout_basic, chequers_ecumenical_altar_twisty, grunt_decor_arrowhead

Skill      XL: |  1  2  3  4  5 |
---------------+----------------+-----
Conjurations   | 2 3 |  3.3
Air Magic      | 5 |  5.5
Unarmed Combat | 1 |  1.0
Spellcasting   | 3 |  3.0
Fighting       | |  0.3
Dodging        | |  2.7
Stealth        | |  2.5

Action                   |  1- 3 |  4- 6 || total
-------------------------+-------+-------++-------
Melee: Unarmed           |    23 |    12 ||    35
       Kick              |     6 |     9 ||    15
       Peck              |     4 |     5 ||     9
       Dagger            |       |    37 ||    37
 Cast: Shock             |    41 |    23 ||    64
       Airstrike         |       |     3 ||     3
Evoke: Wand              |       |     3 ||     3
  Use: Scroll            |     3 |     3 ||     6
       Potion            |       |     1 ||     1
 Stab: Sleeping          |       |     5 ||     5
  Eat: Chunk             |     2 |       ||     2
       Ration            |       |     2 ||     2
Armor: Robe              |     8 |     8 ||    16
Dodge: Dodged            |    19 |    29 ||    48

Table legend:
 A = Non-vault XP
 B = Vault XP
 C = Vault XP percentage of total XP
 D = Non-vault monster count
 E = Vault monster count
 F = Vault count percentage of total count
                 A         B        C        D         E       F
            +---------+---------+-------+---------+---------+-------
      Total |     215 |      35 |  14.0 |      48 |       1 |   2.0
            +---------+---------+-------+---------+---------+-------
        D:1 |      15 |       0 |   0.0 |       8 |       0 |   0.0
        D:2 |     130 |      35 |  21.2 |      26 |       1 |   3.7
        D:3 |      70 |       0 |   0.0 |      14 |       0 |   0.0
            +---------+---------+-------+---------+---------+-------
